Connexion

Moose vs Bruins

Created - 25 octobre 2023 at 05:33

Goals
1 2 3 T
Moose 1 1 0 2
Bruins 0 1 0 1
Shots
1 2 3 T
Moose 10 11 11 32
Bruins 5 10 8 23

GoalsPenalties
1st period
1. Moose , Derrick Pouliot 4 (Mathieu Olivier 13, Nikita Scherbak 16) at 15:59
Hunter Shinkaruk (PRO) for Hooking (Minor) at 11:52
Josh Brook (PRO) for Elbowing (Minor) at 12:11
2nd period
2. Bruins , Hunter Shinkaruk 7 (Reid Boucher 13, Jansen Harkins 19) at 13:24
3. Moose , Remi Elie 4 (Jake Virtanen 23, Filip Chlapik 9) at 15:06
Nathan Bastian (PRO) for Slashing (Minor) at 19:22
3rd period
No Goal
Mathieu Olivier (MAN) for Holding (Minor) at 7:55
Mathieu Olivier (MAN) for Slashing (Minor) at 10:44
Michael Teply (PRO) for Roughing (Minor) at 13:11
Goalie Stats
Kaden Fulcher (MAN), 22 saves from 23 shots - (0,957), W, 18-9-4, 60:00 minutes
Joey Daccord (PRO), 30 saves from 32 shots - (0,938), L, 14-8-1, 59:42 minutes
3 StarsOfficial
1 - Remi Elie (MAN)
2 - Derrick Pouliot (MAN)
3 - Kaden Fulcher (MAN)
Referees : Brad Meier and Tim Peel
Linesman : Tim Nowak and Mark Wheler
Game Note
No Game Note
Finance
Level 1 -- Attendance: 1857 (92,85%) -- Ticket Income 64 995 $
Level 2 -- Attendance: 1000 (100,00%) -- Ticket Income 15 000 $
Total Attendance: 2857 (95,23%)
Total Ticket Income: 79 995 $
Other Income: 15 999 $
Total Income: 95 994 $



Team Name Goals Shots Shots Attemp Shots Blocked PIM HIT PP PK FO%
Moose 2325754240 / 4 (0%)053%
Bruins 1234838280 / 2 (0%)047%

Moose
Player Name POS G A P +/- PIM HIT SHT SB MP PP MP PP SHT PK MP PK SHT FO% FOT
Alec RegulaD0001020114:270:0000:0000% 0
Anthony RichardC/LW000000409:380:0000:00073% 11
Cameron SchillingD0000021223:093:1511:3500% 0
Damien GirouxC/LW0000000022:063:4500:00050% 30
Derrick PouliotD1010025023:093:1511:3510% 0
Filip ChlapikC/LW0111000012:210:0000:00050% 20
Fredrik ClaessonD0000021022:243:0112:2300% 0
Isaac RatcliffeLW000002109:380:0000:0000% 0
Jacob NilssonC/LW0000000013:092:3101:12063% 19
Jake VirtanenRW0111035024:472:3112:16025% 4
Mathieu OlivierLW/RW0110441022:043:4500:0000% 1
Nikita ScherbakLW/RW0110004022:443:4520:38050% 2
Patrick MaroonLW000000000:170:0000:1700% 0
Pierre EngvallLW/RW0000002024:232:3112:4800% 0
Remi ElieLW1011004013:060:0000:4500% 1
Ryan DmowskiLW000000001:470:0000:0000% 0
Thomas Hickey D0000034122:243:0112:2300% 0
Wyatte WylieD0001040114:270:0000:0000% 0
Bruins
Player Name POS G A P +/- PIM HIT SHT SB MP PP MP PP SHT PK MP PK SHT FO% FOT
Bryce KindoppRW0000001123:092:0404:43050% 14
Darren DietzD000-1042019:281:3513:2400% 0
Derek GrantC/LW/RW0000013019:412:0401:150100% 1
Hunter ShinkarukC/LW/RW1010203017:251:5400:0000% 0
Igor ShvyrevC000-1002011:280:0000:00073% 15
Jakob Forsbacka-KarlssonC000000006:240:0000:00025% 8
Jansen HarkinsC0110030018:411:5401:15017% 24
Jesse GrahamD0001040015:170:0000:0000% 0
Josh BrookD000-1220023:442:2301:2100% 0
Julius HonkaD000-1012019:531:3503:2400% 0
Ludwig BystromD0001010216:220:0001:3000% 0
Matej StranskyLW/RW000-1061011:280:0000:0000% 0
Michael TeplyLW000-1200013:230:0001:5600% 0
Nathan BastianC/RW0000224020:082:0421:43062% 26
Reid BoucherC/LW/RW0110014017:261:5410:0000% 0
Reilly WalshD000-1000025:152:2302:5200% 0
Ryan O'ReillyRW000003006:240:0000:0000% 0
Tyler WeissLW000000106:240:0000:0000% 0



Play-by-Play

1st period


0:01 of 1st period - Nathan Bastian wins face-off versus Jacob Nilsson in neutral zone.
0:17 of 1st period - Icing by Derek Grant.
0:18 of 1st period - Damien Giroux wins face-off versus Nathan Bastian in Bruins zone.
0:55 of 1st period - Cameron Schilling is hit by Nathan Bastian and loses puck.
1:17 of 1st period - Icing by Alec Regula.
1:18 of 1st period - Filip Chlapik wins face-off versus Jansen Harkins in Moose zone.
1:25 of 1st period - Shot by Jake Virtanen.
1:25 of 1st period - Stopped by Joey Daccord without a rebound.
1:26 of 1st period - Anthony Richard wins face-off versus Igor Shvyrev in Bruins zone.
1:47 of 1st period - Shot by Matej Stransky.
1:47 of 1st period - Shot Misses the Net.
1:53 of 1st period - Jesse Graham is hit by Isaac Ratcliffe.
2:43 of 1st period - Shot by Hunter Shinkaruk.
2:43 of 1st period - Stopped by Kaden Fulcher without a rebound.
2:44 of 1st period - Damien Giroux wins face-off versus Jakob Forsbacka-Karlsson in Moose zone.
2:52 of 1st period - Off-side.
2:53 of 1st period - Nathan Bastian wins face-off versus Damien Giroux in neutral zone.
3:16 of 1st period - Shot by Nathan Bastian.
3:16 of 1st period - Stopped by Kaden Fulcher with a rebound.
3:30 of 1st period - Shot by Bryce Kindopp.
3:30 of 1st period - Shot Misses the Net.
3:57 of 1st period - Off-side.
3:58 of 1st period - Jacob Nilsson wins face-off versus Jakob Forsbacka-Karlsson in neutral zone.
4:03 of 1st period - Shot by Pierre Engvall.
4:03 of 1st period - Shot Misses the Net.
4:10 of 1st period - Jake Virtanen is hit by Jesse Graham and loses puck.
4:14 of 1st period - Icing by Jakob Forsbacka-Karlsson.
4:15 of 1st period - Jakob Forsbacka-Karlsson wins face-off versus Filip Chlapik in Bruins zone.
4:39 of 1st period - Off-side.
4:40 of 1st period - Anthony Richard wins face-off versus Jansen Harkins in neutral zone.
5:29 of 1st period - Off-side.
5:30 of 1st period - Igor Shvyrev wins face-off versus Filip Chlapik in neutral zone.
5:38 of 1st period - Icing by Fredrik Claesson.
5:39 of 1st period - Filip Chlapik wins face-off versus Nathan Bastian in Moose zone.
5:56 of 1st period - Shot by Remi Elie.
5:56 of 1st period - Shot Hit the Post.
5:58 of 1st period - Shot by Thomas Hickey .
5:58 of 1st period - Stopped by Joey Daccord with a rebound.
6:00 of 1st period - Shot by Remi Elie.
6:00 of 1st period - Stopped by Joey Daccord without a rebound.
6:01 of 1st period - Igor Shvyrev wins face-off versus Damien Giroux in Bruins zone.
6:01 of 1st period - Igor Shvyrev is hit by Mathieu Olivier.
6:26 of 1st period - Damien Giroux is hit by Jesse Graham and loses puck.
6:30 of 1st period - Icing by Jesse Graham.
6:31 of 1st period - Igor Shvyrev wins face-off versus Jacob Nilsson in Bruins zone.
6:38 of 1st period - Icing by Ludwig Bystrom.
6:39 of 1st period - Jacob Nilsson wins face-off versus Igor Shvyrev in Bruins zone.
7:17 of 1st period - Pierre Engvall is hit by Ludwig Bystrom and loses puck.
7:39 of 1st period - Icing by Cameron Schilling.
7:40 of 1st period - Nathan Bastian wins face-off versus Damien Giroux in Moose zone.
7:55 of 1st period - Shot by Nathan Bastian.
7:55 of 1st period - Shot Misses the Net.
7:57 of 1st period - Shot by Derek Grant.
7:57 of 1st period - Stopped by Kaden Fulcher without a rebound.
7:58 of 1st period - Jansen Harkins wins face-off versus Filip Chlapik in Moose zone.
8:01 of 1st period - Shot by Reid Boucher.
8:01 of 1st period - Shot Hit the Post.
8:03 of 1st period - Shot by Hunter Shinkaruk.
8:03 of 1st period - Stopped by Kaden Fulcher without a rebound.
8:04 of 1st period - Jacob Nilsson wins face-off versus Nathan Bastian in Moose zone.
8:35 of 1st period - Shot by Jake Virtanen.
8:35 of 1st period - Shot Misses the Net.
8:43 of 1st period - Shot by Jake Virtanen.
8:43 of 1st period - Shot Misses the Net.
8:54 of 1st period - Off-side.
8:55 of 1st period - Damien Giroux wins face-off versus Jansen Harkins in neutral zone.
9:18 of 1st period - Shot by Jansen Harkins.
9:18 of 1st period - Shot Misses the Net.
9:28 of 1st period - Darren Dietz is hit by Mathieu Olivier.
9:34 of 1st period - Wyatte Wylie is hit by Reid Boucher and loses puck.
9:57 of 1st period - Shot by Pierre Engvall.
9:57 of 1st period - Shot Misses the Net.
9:59 of 1st period - Shot by Derrick Pouliot.
9:59 of 1st period - Stopped by Joey Daccord without a rebound.
10:00 of 1st period - Filip Chlapik wins face-off versus Jakob Forsbacka-Karlsson in Bruins zone.
10:21 of 1st period - Shot by Remi Elie.
10:21 of 1st period - Stopped by Joey Daccord without a rebound.
10:22 of 1st period - Nathan Bastian wins face-off versus Anthony Richard in Bruins zone.
11:50 of 1st period - Icing by Jake Virtanen.
11:51 of 1st period - Filip Chlapik wins face-off versus Jansen Harkins in Moose zone.
11:51 of 1st period - Filip Chlapik is hit by Jansen Harkins.
11:52 of 1st period - Minor Penalty to Hunter Shinkaruk for Hooking.
11:53 of 1st period - Bryce Kindopp wins face-off versus Damien Giroux in Bruins zone.
12:08 of 1st period - Shot by Thomas Hickey .
12:08 of 1st period - Shot Misses the Net.
12:10 of 1st period - Shot by Nikita Scherbak.
12:10 of 1st period - Stopped by Joey Daccord without a rebound.
12:11 of 1st period - Jacob Nilsson wins face-off versus Bryce Kindopp in Bruins zone.
12:11 of 1st period - Minor Penalty to Josh Brook for Elbowing.
12:12 of 1st period - Damien Giroux wins face-off versus Bryce Kindopp in Bruins zone.
12:19 of 1st period - Shot by Nikita Scherbak.
12:19 of 1st period - Stopped by Joey Daccord without a rebound.
12:20 of 1st period - Bryce Kindopp wins face-off versus Jacob Nilsson in Bruins zone.
12:26 of 1st period - Icing by Cameron Schilling.
12:27 of 1st period - Jacob Nilsson wins face-off versus Bryce Kindopp in Moose zone.
12:42 of 1st period - Shot by Derrick Pouliot.
12:42 of 1st period - Stopped by Joey Daccord with a rebound.
13:00 of 1st period - Shot by Jake Virtanen.
13:00 of 1st period - Stopped by Joey Daccord without a rebound.
13:01 of 1st period - Bryce Kindopp wins face-off versus Damien Giroux in Bruins zone.
13:22 of 1st period - Shot by Fredrik Claesson.
13:22 of 1st period - Shot Misses the Net.
14:58 of 1st period - Anthony Richard is hit by Ryan O'Reilly.
15:13 of 1st period - Icing by Thomas Hickey .
15:14 of 1st period - Anthony Richard wins face-off versus Jansen Harkins in Moose zone.
15:29 of 1st period - Isaac Ratcliffe is hit by Josh Brook and loses puck.
15:40 of 1st period - Nikita Scherbak is hit by Jansen Harkins and loses puck.
15:57 of 1st period - Shot by Mathieu Olivier.
15:57 of 1st period - Shot Misses the Net.
15:59 of 1st period - Shot by Derrick Pouliot.
15:59 of 1st period - Goal by Derrick Pouliot - Moose : 1 - Bruins : 0.
16:00 of 1st period - Nathan Bastian wins face-off versus Filip Chlapik in neutral zone.
16:11 of 1st period - Shot by Derek Grant.
16:11 of 1st period - Stopped by Kaden Fulcher without a rebound.
16:12 of 1st period - Damien Giroux wins face-off versus Igor Shvyrev in Moose zone.
16:12 of 1st period - Damien Giroux is hit by Matej Stransky.
16:46 of 1st period - Shot by Nikita Scherbak.
16:46 of 1st period - Deflect By Mathieu Olivier.
16:46 of 1st period - Shot Misses the Net.
16:48 of 1st period - Shot by Derrick Pouliot.
16:48 of 1st period - Shot Misses the Net.
17:45 of 1st period - Derek Grant is hit by Jake Virtanen and loses puck.
17:53 of 1st period - Icing by Julius Honka.
17:54 of 1st period - Damien Giroux wins face-off versus Nathan Bastian in Bruins zone.
18:02 of 1st period - Off-side.
18:03 of 1st period - Filip Chlapik wins face-off versus Jansen Harkins in neutral zone.
19:59 of 1st period - Shot by Igor Shvyrev.
19:59 of 1st period - Shot Misses the Net.
Goals for this period are 1 for Moose vs 0 for Bruins.
Shots for this period are 10 for Moose vs 5 for Bruins.

2nd period


0:01 of 2nd period - Jacob Nilsson wins face-off versus Nathan Bastian in neutral zone.
0:29 of 2nd period - Nathan Bastian is hit by Fredrik Claesson and loses puck.
0:36 of 2nd period - Shot by Bryce Kindopp.
0:36 of 2nd period - Stopped by Kaden Fulcher without a rebound.
0:37 of 2nd period - Damien Giroux wins face-off versus Jansen Harkins in Moose zone.
1:12 of 2nd period - Shot by Nikita Scherbak.
1:12 of 2nd period - Stopped by Joey Daccord with a rebound.
2:11 of 2nd period - Icing by Ludwig Bystrom.
2:12 of 2nd period - Igor Shvyrev wins face-off versus Anthony Richard in Bruins zone.
2:21 of 2nd period - Anthony Richard is hit by Matej Stransky and loses puck.
2:37 of 2nd period - Shot by Anthony Richard.
2:37 of 2nd period - Stopped by Joey Daccord with a rebound.
2:39 of 2nd period - Shot by Thomas Hickey .
2:39 of 2nd period - Stopped by Joey Daccord with a rebound.
2:41 of 2nd period - Shot by Isaac Ratcliffe.
2:41 of 2nd period - Shot Blocked by Ludwig Bystrom.
2:43 of 2nd period - Shot by Anthony Richard.
2:43 of 2nd period - Shot Misses the Net.
2:45 of 2nd period - Shot by Thomas Hickey .
2:45 of 2nd period - Stopped by Joey Daccord without a rebound.
2:46 of 2nd period - Damien Giroux wins face-off versus Nathan Bastian in Bruins zone.
2:54 of 2nd period - Nikita Scherbak is hit by Darren Dietz and loses puck.
2:57 of 2nd period - Shot by Mathieu Olivier.
2:57 of 2nd period - Shot Misses the Net.
2:59 of 2nd period - Shot by Nikita Scherbak.
2:59 of 2nd period - Stopped by Joey Daccord without a rebound.
3:00 of 2nd period - Jacob Nilsson wins face-off versus Jansen Harkins in Bruins zone.
3:00 of 2nd period - Pierre Engvall is hit by Josh Brook and loses puck.
3:04 of 2nd period - Icing by Reilly Walsh.
3:05 of 2nd period - Jacob Nilsson wins face-off versus Jansen Harkins in Bruins zone.
3:20 of 2nd period - Shot by Jansen Harkins.
3:20 of 2nd period - Shot Misses the Net.
3:22 of 2nd period - Shot by Reid Boucher.
3:22 of 2nd period - Shot Misses the Net.
3:24 of 2nd period - Shot by Reilly Walsh.
3:24 of 2nd period - Shot Misses the Net.
4:14 of 2nd period - Darren Dietz is hit by Derrick Pouliot and loses puck.
4:31 of 2nd period - Shot by Nathan Bastian.
4:31 of 2nd period - Stopped by Kaden Fulcher without a rebound.
4:32 of 2nd period - Igor Shvyrev wins face-off versus Jake Virtanen in Moose zone.
4:32 of 2nd period - Igor Shvyrev is hit by Alec Regula.
4:45 of 2nd period - Matej Stransky is hit by Wyatte Wylie and loses puck.
4:55 of 2nd period - Matej Stransky is hit by Wyatte Wylie and loses puck.
5:40 of 2nd period - Shot by Anthony Richard.
5:40 of 2nd period - Stopped by Joey Daccord with a rebound.
5:42 of 2nd period - Shot by Anthony Richard.
5:42 of 2nd period - Stopped by Joey Daccord without a rebound.
5:43 of 2nd period - Nathan Bastian wins face-off versus Damien Giroux in Bruins zone.
6:21 of 2nd period - Shot by Mathieu Olivier.
6:21 of 2nd period - Shot Misses the Net.
6:26 of 2nd period - Julius Honka is hit by Cameron Schilling and loses puck.
6:39 of 2nd period - Shot by Jansen Harkins.
6:39 of 2nd period - Shot Blocked by Cameron Schilling.
6:45 of 2nd period - Shot by Jansen Harkins.
6:45 of 2nd period - Deflect By Reid Boucher.
6:45 of 2nd period - Stopped by Kaden Fulcher without a rebound.
6:46 of 2nd period - Anthony Richard wins face-off versus Igor Shvyrev in Moose zone.
6:46 of 2nd period - Anthony Richard is hit by Matej Stransky.
6:49 of 2nd period - Pierre Engvall is hit by Matej Stransky and loses puck.
6:54 of 2nd period - Isaac Ratcliffe is hit by Matej Stransky and loses puck.
7:08 of 2nd period - Anthony Richard is hit by Jesse Graham and loses puck.
7:26 of 2nd period - Igor Shvyrev is hit by Thomas Hickey and loses puck.
8:14 of 2nd period - Shot by Jake Virtanen.
8:14 of 2nd period - Stopped by Joey Daccord without a rebound.
8:15 of 2nd period - Nathan Bastian wins face-off versus Damien Giroux in Bruins zone.
8:20 of 2nd period - Shot by Julius Honka.
8:20 of 2nd period - Stopped by Kaden Fulcher without a rebound.
8:21 of 2nd period - Nathan Bastian wins face-off versus Damien Giroux in Moose zone.
8:24 of 2nd period - Shot by Derek Grant.
8:24 of 2nd period - Shot Blocked by Cameron Schilling.
8:42 of 2nd period - Shot by Damien Giroux.
8:42 of 2nd period - Shot Misses the Net.
8:44 of 2nd period - Shot by Mathieu Olivier.
8:44 of 2nd period - Shot Blocked by Bryce Kindopp.
9:31 of 2nd period - Derrick Pouliot is hit by Ryan O'Reilly and loses puck.
9:58 of 2nd period - Off-side.
9:59 of 2nd period - Jacob Nilsson wins face-off versus Jansen Harkins in neutral zone.
10:08 of 2nd period - Shot by Jake Virtanen.
10:08 of 2nd period - Shot Misses the Net.
10:10 of 2nd period - Shot by Thomas Hickey .
10:10 of 2nd period - Shot Blocked by Ludwig Bystrom.
10:12 of 2nd period - Shot by Jake Virtanen.
10:12 of 2nd period - Stopped by Joey Daccord without a rebound.
10:13 of 2nd period - Igor Shvyrev wins face-off versus Filip Chlapik in Bruins zone.
10:18 of 2nd period - Shot by Jake Virtanen.
10:18 of 2nd period - Stopped by Joey Daccord without a rebound.
10:19 of 2nd period - Jacob Nilsson wins face-off versus Jansen Harkins in Bruins zone.
10:35 of 2nd period - Icing by Jansen Harkins.
10:36 of 2nd period - Filip Chlapik wins face-off versus Jansen Harkins in Bruins zone.
10:58 of 2nd period - Remi Elie is hit by Darren Dietz and loses puck.
12:08 of 2nd period - Pierre Engvall is hit by Jesse Graham and loses puck.
12:23 of 2nd period - Shot by Matej Stransky.
12:23 of 2nd period - Stopped by Kaden Fulcher without a rebound.
12:24 of 2nd period - Jakob Forsbacka-Karlsson wins face-off versus Damien Giroux in Moose zone.
13:24 of 2nd period - Shot by Hunter Shinkaruk.
13:24 of 2nd period - Goal by Hunter Shinkaruk - Moose : 1 - Bruins : 1.
13:25 of 2nd period - Nathan Bastian wins face-off versus Filip Chlapik in neutral zone.
13:56 of 2nd period - Shot by Derek Grant.
13:56 of 2nd period - Stopped by Kaden Fulcher without a rebound.
13:57 of 2nd period - Anthony Richard wins face-off versus Jansen Harkins in Moose zone.
14:34 of 2nd period - Jansen Harkins is hit by Isaac Ratcliffe.
14:39 of 2nd period - Jansen Harkins is hit by Fredrik Claesson and loses puck.
14:49 of 2nd period - Thomas Hickey is hit by Darren Dietz.
15:06 of 2nd period - Shot by Remi Elie.
15:06 of 2nd period - Goal by Remi Elie - Moose : 2 - Bruins : 1.
15:07 of 2nd period - Damien Giroux wins face-off versus Nathan Bastian in neutral zone.
16:02 of 2nd period - Icing by Cameron Schilling.
16:03 of 2nd period - Igor Shvyrev wins face-off versus Damien Giroux in Moose zone.
16:09 of 2nd period - Igor Shvyrev is hit by Derrick Pouliot.
16:14 of 2nd period - Icing by Damien Giroux.
16:15 of 2nd period - Damien Giroux wins face-off versus Jansen Harkins in Moose zone.
16:38 of 2nd period - Shot by Jake Virtanen.
16:38 of 2nd period - Shot Misses the Net.
16:48 of 2nd period - Shot by Reid Boucher.
16:48 of 2nd period - Shot Misses the Net.
17:13 of 2nd period - Michael Teply is hit by Thomas Hickey and loses puck.
17:16 of 2nd period - Shot by Matej Stransky.
17:16 of 2nd period - Shot Blocked by Thomas Hickey .
17:26 of 2nd period - Shot by Igor Shvyrev.
17:26 of 2nd period - Stopped by Kaden Fulcher with a rebound.
17:31 of 2nd period - Matej Stransky is hit by Thomas Hickey and loses puck.
17:34 of 2nd period - Shot by Michael Teply.
17:34 of 2nd period - Shot Misses the Net.
17:36 of 2nd period - Shot by Darren Dietz.
17:36 of 2nd period - Stopped by Kaden Fulcher without a rebound.
17:37 of 2nd period - Nathan Bastian wins face-off versus Filip Chlapik in Moose zone.
17:41 of 2nd period - Icing by Alec Regula.
17:42 of 2nd period - Nathan Bastian wins face-off versus Filip Chlapik in Moose zone.
18:00 of 2nd period - Icing by Ryan Dmowski.
18:01 of 2nd period - Filip Chlapik wins face-off versus Jansen Harkins in Moose zone.
18:38 of 2nd period - Shot by Reid Boucher.
18:38 of 2nd period - Stopped by Kaden Fulcher with a rebound.
19:03 of 2nd period - Icing by Bryce Kindopp.
19:04 of 2nd period - Nathan Bastian wins face-off versus Jacob Nilsson in Bruins zone.
19:22 of 2nd period - Minor Penalty to Nathan Bastian for Slashing.
19:23 of 2nd period - Damien Giroux wins face-off versus Bryce Kindopp in Bruins zone.
19:23 of 2nd period - Mathieu Olivier is hit by Darren Dietz and loses puck.
19:29 of 2nd period - Damien Giroux is hit by Julius Honka.
19:57 of 2nd period - Shot by Nikita Scherbak.
19:57 of 2nd period - Shot Misses the Net.
Goals for this period are 1 for Moose vs 1 for Bruins.
Shots for this period are 11 for Moose vs 10 for Bruins.

3rd period


0:01 of 3rd period - Bryce Kindopp wins face-off versus Jacob Nilsson in neutral zone.
0:21 of 3rd period - Shot by Thomas Hickey .
0:21 of 3rd period - Stopped by Joey Daccord without a rebound.
0:22 of 3rd period - Bryce Kindopp wins face-off versus Damien Giroux in Bruins zone.
0:38 of 3rd period - Shot by Derrick Pouliot.
0:38 of 3rd period - Shot Misses the Net.
1:36 of 3rd period - Icing by Alec Regula.
1:37 of 3rd period - Jansen Harkins wins face-off versus Filip Chlapik in Moose zone.
1:42 of 3rd period - Shot by Hunter Shinkaruk.
1:42 of 3rd period - Shot Blocked by Wyatte Wylie.
1:44 of 3rd period - Shot by Reid Boucher.
1:44 of 3rd period - Shot Blocked by Alec Regula.
1:46 of 3rd period - Shot by Reid Boucher.
1:46 of 3rd period - Stopped by Kaden Fulcher without a rebound.
1:47 of 3rd period - Anthony Richard wins face-off versus Jakob Forsbacka-Karlsson in Moose zone.
2:00 of 3rd period - Shot by Tyler Weiss.
2:00 of 3rd period - Stopped by Kaden Fulcher without a rebound.
2:01 of 3rd period - Damien Giroux wins face-off versus Jansen Harkins in Moose zone.
2:06 of 3rd period - Shot by Mathieu Olivier.
2:06 of 3rd period - Shot Misses the Net.
2:08 of 3rd period - Shot by Derrick Pouliot.
2:08 of 3rd period - Shot Misses the Net.
3:04 of 3rd period - Shot by Derek Grant.
3:04 of 3rd period - Shot Misses the Net.
3:57 of 3rd period - Shot by Ludwig Bystrom.
3:57 of 3rd period - Shot Misses the Net.
3:59 of 3rd period - Shot by Igor Shvyrev.
3:59 of 3rd period - Stopped by Kaden Fulcher without a rebound.
4:00 of 3rd period - Anthony Richard wins face-off versus Jakob Forsbacka-Karlsson in Moose zone.
4:00 of 3rd period - Anthony Richard is hit by Ryan O'Reilly.
4:06 of 3rd period - Shot by Isaac Ratcliffe.
4:06 of 3rd period - Stopped by Joey Daccord without a rebound.
4:07 of 3rd period - Igor Shvyrev wins face-off versus Damien Giroux in Bruins zone.
4:12 of 3rd period - Mathieu Olivier is hit by Matej Stransky and loses puck.
4:18 of 3rd period - Icing by Derrick Pouliot.
4:19 of 3rd period - Damien Giroux wins face-off versus Jansen Harkins in Moose zone.
5:47 of 3rd period - Bryce Kindopp is hit by Jake Virtanen and loses puck.
6:10 of 3rd period - Shot by Pierre Engvall.
6:10 of 3rd period - Stopped by Joey Daccord without a rebound.
6:11 of 3rd period - Igor Shvyrev wins face-off versus Filip Chlapik in Bruins zone.
6:26 of 3rd period - Shot by Igor Shvyrev.
6:26 of 3rd period - Shot Misses the Net.
6:40 of 3rd period - Shot by Remi Elie.
6:40 of 3rd period - Stopped by Joey Daccord with a rebound.
7:00 of 3rd period - Shot by Julius Honka.
7:00 of 3rd period - Stopped by Kaden Fulcher without a rebound.
7:01 of 3rd period - Anthony Richard wins face-off versus Jakob Forsbacka-Karlsson in Moose zone.
7:21 of 3rd period - Shot by Anthony Richard.
7:21 of 3rd period - Stopped by Joey Daccord without a rebound.
7:22 of 3rd period - Nathan Bastian wins face-off versus Damien Giroux in Bruins zone.
7:22 of 3rd period - Nathan Bastian is hit by Mathieu Olivier.
7:36 of 3rd period - Shot by Derrick Pouliot.
7:36 of 3rd period - Stopped by Joey Daccord with a rebound.
7:54 of 3rd period - Shot by Mathieu Olivier.
7:54 of 3rd period - Stopped by Joey Daccord with a rebound.
7:55 of 3rd period - Minor Penalty to Mathieu Olivier for Holding.
7:56 of 3rd period - Jake Virtanen wins face-off versus Jansen Harkins in Moose zone.
8:51 of 3rd period - Shot by Nathan Bastian.
8:51 of 3rd period - Stopped by Kaden Fulcher without a rebound.
8:52 of 3rd period - Nathan Bastian wins face-off versus Remi Elie in Moose zone.
9:15 of 3rd period - Shot by Nathan Bastian.
9:15 of 3rd period - Stopped by Kaden Fulcher with a rebound.
9:17 of 3rd period - Shot by Bryce Kindopp.
9:17 of 3rd period - Shot Misses the Net.
9:23 of 3rd period - Shot by Darren Dietz.
9:23 of 3rd period - Stopped by Kaden Fulcher without a rebound.
9:24 of 3rd period - Nikita Scherbak wins face-off versus Jansen Harkins in Moose zone.
9:30 of 3rd period - Icing by Hunter Shinkaruk.
9:31 of 3rd period - Jansen Harkins wins face-off versus Nikita Scherbak in Bruins zone.
9:38 of 3rd period - Shot by Derrick Pouliot.
9:38 of 3rd period - Stopped by Joey Daccord without a rebound.
9:39 of 3rd period - Nathan Bastian wins face-off versus Jake Virtanen in Bruins zone.
9:46 of 3rd period - Shot by Josh Brook.
9:46 of 3rd period - Shot Hit the Post.
10:00 of 3rd period - Jesse Graham is hit by Alec Regula and loses puck.
10:14 of 3rd period - Igor Shvyrev is hit by Wyatte Wylie.
10:23 of 3rd period - Igor Shvyrev is hit by Wyatte Wylie and loses puck.
10:44 of 3rd period - Minor Penalty to Mathieu Olivier for Slashing.
10:45 of 3rd period - Nathan Bastian wins face-off versus Jake Virtanen in Moose zone.
11:14 of 3rd period - Shot by Derek Grant.
11:14 of 3rd period - Shot Misses the Net.
11:45 of 3rd period - Thomas Hickey is hit by Nathan Bastian and loses puck.
12:09 of 3rd period - Shot by Reid Boucher.
12:09 of 3rd period - Stopped by Kaden Fulcher without a rebound.
12:10 of 3rd period - Jansen Harkins wins face-off versus Jacob Nilsson in Moose zone.
12:50 of 3rd period - Icing by Wyatte Wylie.
12:51 of 3rd period - Igor Shvyrev wins face-off versus Damien Giroux in Moose zone.
13:11 of 3rd period - Minor Penalty to Michael Teply for Roughing.
13:12 of 3rd period - Bryce Kindopp wins face-off versus Jacob Nilsson in Bruins zone.
13:12 of 3rd period - Bryce Kindopp is hit by Jake Virtanen.
13:32 of 3rd period - Shot by Cameron Schilling.
13:32 of 3rd period - Stopped by Joey Daccord without a rebound.
13:33 of 3rd period - Damien Giroux wins face-off versus Bryce Kindopp in Bruins zone.
13:34 of 3rd period - Shot by Fredrik Claesson.
13:34 of 3rd period - Shot Misses the Net.
13:54 of 3rd period - Shot by Fredrik Claesson.
13:54 of 3rd period - Stopped by Joey Daccord without a rebound.
13:55 of 3rd period - Jacob Nilsson wins face-off versus Bryce Kindopp in Bruins zone.
14:06 of 3rd period - Shot by Pierre Engvall.
14:06 of 3rd period - Stopped by Joey Daccord without a rebound.
14:07 of 3rd period - Bryce Kindopp wins face-off versus Damien Giroux in Bruins zone.
14:25 of 3rd period - Icing by Fredrik Claesson.
14:26 of 3rd period - Derek Grant wins face-off versus Mathieu Olivier in Moose zone.
14:29 of 3rd period - Shot by Jansen Harkins.
14:29 of 3rd period - Shot Misses the Net.
15:05 of 3rd period - Jake Virtanen is hit by Derek Grant and loses puck.
15:40 of 3rd period - Icing by Matej Stransky.
15:41 of 3rd period - Igor Shvyrev wins face-off versus Anthony Richard in Bruins zone.
15:45 of 3rd period - Michael Teply is hit by Cameron Schilling and loses puck.
16:40 of 3rd period - Off-side.
16:41 of 3rd period - Filip Chlapik wins face-off versus Nathan Bastian in neutral zone.
16:46 of 3rd period - Shot by Remi Elie.
16:46 of 3rd period - Shot Misses the Net.
16:49 of 3rd period - Icing by Darren Dietz.
16:50 of 3rd period - Damien Giroux wins face-off versus Nathan Bastian in Bruins zone.
17:16 of 3rd period - Darren Dietz is hit by Mathieu Olivier.
18:04 of 3rd period - Wyatte Wylie is hit by Jansen Harkins and loses puck.
18:33 of 3rd period - Icing by Reilly Walsh.
18:34 of 3rd period - Filip Chlapik wins face-off versus Jansen Harkins in Bruins zone.
19:06 of 3rd period - Icing by Cameron Schilling.
19:07 of 3rd period - Filip Chlapik wins face-off versus Bryce Kindopp in Moose zone.
19:34 of 3rd period - Off-side.
19:35 of 3rd period - Jacob Nilsson wins face-off versus Nathan Bastian in neutral zone.
19:42 of 3rd period - Bruins, Joey Daccord is pulled from the net.
19:46 of 3rd period - Shot by Derek Grant.
19:46 of 3rd period - Shot Misses the Net.
19:48 of 3rd period - Shot by Bryce Kindopp.
19:48 of 3rd period - Shot Misses the Net.
Goals for this period are 0 for Moose vs 0 for Bruins.
Shots for this period are 11 for Moose vs 8 for Bruins.